 Dungeon Crawl Stone Soup version 0.29.0-11-gd7f09526c8 (webtiles) character file.

Game seed: 8004377050790722807

283 freelancePsychic the Sneak (level 6, -1/46 HPs)
             Began as a Vampire Abyssal Knight on Sept 2, 2022.
             Was a Priest of Lugonu.
             Slain by a black bear (3 damage)
             ... on level 4 of the Dungeon.
             The game lasted 00:06:50 (3446 turns).

freelancePsychic the Sneak (Vampire Abyssal Knight) Turns: 3446, Time: 00:06:50

Health: -1/46      AC:  4    Str: 18    XL:     6   Next: 7%
Magic:  7/7        EV: 15    Int: 12    God:    Lugonu [***...]
Gold:   231        SH:  4    Dex: 17    Spells: 5/5 levels left

rFire   . . .      SeeInvis +   a - +1 falchion
rCold   . . .      Faith    .   i - +0 buckler
rNeg    . . .      Spirit   .   b - +0 leather armour
rPois   .          Reflect  .   (no helmet)
rElec   .          Harm     .   (no cloak)
rCorr   .          Rampage  .   (no gloves)
Will    .....                   n - +0 pair of boots
Stlth   ++++......              s - amulet of regeneration
HPRegen 1.15/turn               l - +6 ring of strength
MPRegen 0.10/turn               p - +4 ring of evasion

@: about to teleport, healing quickly, invisible
A: alive, fangs 3, see invisible, vampiric 2
a: Exsanguinate, Renounce Religion, Depart the Abyss, Bend Space, Banish


You were on level 4 of the Dungeon.
You worshipped Lugonu.
Lugonu was most pleased with you.
You visited 1 branch of the dungeon, and saw 5 of its levels.
You visited the Abyss 1 time.

You collected 231 gold pieces.

Inventory:

Hand Weapons
 a - a +1 falchion (weapon)
 q - a +4 dagger
Armour
 b - a +0 leather armour (worn)
 i - a +0 buckler (worn)
 n - a +0 pair of boots (worn)
Jewellery
 l - a +6 ring of strength (left hand)
 p - a +4 ring of evasion (right hand)
 s - an amulet of regeneration (around neck)
Scrolls
 d - a scroll of torment {unknown}
 g - a scroll of teleportation {@r4}
 h - 2 scrolls of magic mapping
 o - 2 scrolls of blinking {unknown}
 r - a scroll of noise {unknown}
 u - a scroll of fog {unknown}
 w - a scroll of identify {unknown}
 y - 2 scrolls of amnesia {unknown}
Potions
 c - a potion of brilliance {unknown}
 e - a potion of attraction
 f - 4 potions of heal wounds {unknown}
 j - 3 potions of ambrosia {unknown}
 k - 2 potions of mutation {unknown}
 m - 2 potions of magic {unknown}
 t - 2 potions of curing {unknown}
 v - a potion of degeneration {unknown}
 x - 3 potions of might {unknown}


   Skills:
 + Level 2.8 Fighting
 + Level 3.9 Long Blades
 - Level 0.7 Armour
 - Level 2.1 Dodging
 * Level 7.5 Stealth
 + Level 1.7 Invocations


You had 5 spell levels left.
You didn't know any spells.
Your spell library contained the following spells:

 Spells                   Type           Power      Damage    Failure   Level
 Blink                    Tloc           0%         N/A       63%         2
 Lesser Beckoning         Tloc           0%         N/A       86%         3
 Summon Guardian Golem    Hex/Summ       0%         N/A       86%         3
 Manifold Assault         Tloc           0%         N/A       100%        5
 Orb of Destruction       Conj           0%         9d5       100%        7
 Spellforged Servitor     Conj/Summ      0%         N/A       100%        7


Dungeon Overview and Level Annotations

Branches:
Dungeon (5/15)
 Temple: D:4-7

Altars:
Makhleb
Uskayaw

Annotations:
D:3 exclusion: gnoll, Sigmund
D:4 exclusions: door and ogre


Innate Abilities, Weirdness & Mutations

Your natural rate of healing is accelerated.
You have razor-sharp teeth.
You have supernaturally acute eyesight. (SInv)
You are afflicted with vampirism and can become a bat while bloodless.


Message History

The gnoll picks up the pace!
The gnoll hits you from afar with a +0 spear.
The iguana bites you!
The gnoll shouts!
You climb upwards.
Level annotation: exclusions: door and ogre The black bear misses you.
The black bear barely misses you.
The black bear claws you but does no damage.
The goblin misses you. The black bear bites you.
The black bear closely misses you. The black bear claws you.
The goblin hits you with a +0 club.
There is a stone staircase leading down, spattered with blood here.
You fade into invisibility!
The goblin completely misses you. You block the black bear's attack.
The black bear misses you. The black bear completely misses you.
The gnoll bouda hits you but does no damage.
You hit the gnoll bouda but do no damage.
The goblin hits you but does no damage. The black bear barely misses you.
You block the black bear's attack. The black bear barely misses you.
The gnoll bouda hits you with a +0 whip!
You catch the helpless gnoll bouda completely off-guard!
You hit the gnoll bouda. You bite the gnoll bouda.
The gnoll bouda is moderately wounded.
The goblin barely misses you. The black bear bites you.
The black bear closely misses you. The black bear misses you.
The gnoll bouda hits you with a +0 whip!
* * * LOW HITPOINT WARNING * * *
You hit the gnoll bouda.
The gnoll bouda is severely wounded.
You block the goblin's attack. The black bear bites you.
* * * LOW HITPOINT WARNING * * *
The black bear barely misses you. The black bear claws you.
* * * LOW HITPOINT WARNING * * *
The gnoll bouda closely misses you.
As you read the scroll of teleportation {@r4}, it crumbles to dust.
You feel strangely unstable. You block the goblin's attack.
The black bear bites you.
* * * LOW HITPOINT WARNING * * *
The black bear misses you. The black bear claws you.
You die...

### ###### #b#
#.[...
#h###########.....
#@g...............
#g###########.....
#.# ###'## #.#
#...# #.# #...#
#.# ##.... #l#
#..... #.# #.....
#.###########.....


You could see a black bear (unable to see you), a gnoll bouda (wandering, unable
to see you), an iguana (wandering, unable to see you), a goblin (unable to see
you) and a bat.

Vanquished Creatures
  A black bear (D:4)
  A howler monkey (D:5)
  An orc priest (D:4)
  4 adders
  An ufetubus (D:4)
  A worm (D:3)
  A dart slug (D:2)
  7 orcs
  2 endoplasms
  4 giant cockroaches
  4 goblins
  9 hobgoblins
  9 kobolds
  8 quokkas
  4 ball pythons
  6 bats
  4 frilled lizards
  5 rats
72 creatures vanquished.

Vanquished Creatures (others)
  3 plants (D:3)
3 creatures vanquished.

Grand Total: 75 creatures vanquished

Notes
Turn   | Place    | Note
-------+----------+-------------------------------------------
     0 | Abyss:1  | freelancePsychic the Vampire Abyssal Knight began the quest
                  | for the Orb.
     0 | Abyss:1  | Reached XP level 1. HP: 17/17 MP: 2/2
     1 | D:1      | Escaped the Abyss
    28 | D:1      | Reached skill level 1 in Stealth
   102 | D:1      | Reached skill level 2 in Stealth
   114 | D:1      | Reached XP level 2. HP: 23/23 MP: 3/3
   144 | D:1      | Found a faded altar of an unknown god.
   815 | D:2      | Found a burning altar of Makhleb.
   820 | D:2      | Reached skill level 3 in Stealth
   843 | D:2      | Gained mutation: You are afflicted with vampirism and can
                  | become a bat while bloodless. [Vampire growth]
   843 | D:2      | Reached XP level 3. HP: 23/28 MP: 4/4
   881 | D:2      | Reached skill level 4 in Stealth
  1088 | D:2      | Reached *** piety under Lugonu
  1933 | D:3      | Noticed Sigmund
  1943 | D:3      | Reached XP level 4. HP: 34/34 MP: 5/5
  2140 | D:3      | Reached skill level 5 in Stealth
  2808 | D:4      | Noticed an ogre
  2871 | D:4      | Noticed a black bear
  2873 | D:4      | Identified the +3 whip of Courage {vorpal, Contam rF+
                  | Will++ Str+3}
  2896 | D:4      | Killed a black bear
  2897 | D:4      | Reached skill level 6 in Stealth
  2897 | D:4      | Reached XP level 5. HP: 39/39 MP: 6/6
  3023 | D:4      | Found a hide-covered altar of Uskayaw.
  3293 | D:4      | Reached skill level 7 in Stealth
  3303 | D:4      | Reached **** piety under Lugonu
  3317 | D:4      | Noticed a black bear
  3398 | D:5      | Entered Level 5 of the Dungeon
  3410 | D:5      | Reached XP level 6. HP: 36/46 MP: 7/7
  3446 | D:4      | HP: 2/46 [black bear (6)]
  3446 | D:4      | Slain by a black bear

Illustrated notes

Levels and vault maps discovered:
D:1:      dpeg_arrival_short_road, layout_basic,
          hellmonk_ecumenical_altar_run_dry, chequers_serial_rivers_small_a,
          minmay_splitting_lines, grunt_decor_junction, minivault_23
D:2:      layout_basic, basic_altar, feat_on_display
D:3:      wad_woods_tower, layout_basic, uniq_sigmund
D:4:      layout_basic, eat_drink_and_be_merry_uskayaw, corexii_hall_statues_t
D:5:      minmay_recursive_quarters, layout_cave_pools, temple_pool_b,
          roderic_batcave

Skill      XL: |  1  2  3  4  5 |
---------------+----------------+-----
Stealth        | 2 3 4 6 7 |  7.5
Long Blades    | 3 |  3.9
Fighting       | |  2.8
Armour         | |  0.7
Dodging        | |  2.1
Invocations    | |  1.7

Action                   |  1- 3 |  4- 6 || total
-------------------------+-------+-------++-------
Melee: Falchion          |   105 |   113 ||   218
       Bite              |    11 |     9 ||    20
  Use: Scroll            |     1 |     2 ||     3
       Potion            |     2 |     2 ||     4
 Stab: Sleeping          |     6 |     5 ||    11
       Invisible         |       |     1 ||     1
Armor: Leather armour    |    29 |    28 ||    57
       Skin              |     4 |    30 ||    34
Dodge: Dodged            |    53 |   112 ||   165
Block: Buckler           |     9 |    27 ||    36
